Unix NetHack Version 5.0.0-0 post-release - last build May 31 2026 23:59:36 (970b52f25bf058293b47ddfd14a1e40e571c508c,branch:main).

Game began 2026-06-05 13:14:34, ended 2026-06-05 14:05:05.

DiePARTEI, neutral female human Tourist

                        -----------------------------
                        |......@g).......^.....|....|
                        ||----------------.....|....|
                        |.........|      |..........|
                        |.........|      |.....|....|
                        |.........|      |.....|....|
                        |.........|      ---------.-|
                        |....<....|       |....|....|
                        |...=.....|     ---......0..|
                        |.........|     |>...00|00..|
                        |.........|     ---....|...`|
                        -----------       -----------

DiePARTEI the Excursionist  St:15 Dx:13 Co:17 In:12 Wi:8 Ch:14  Neutral
Dlvl:5  $:64 HP:0(66) Pw:24(24) AC:-3 Xp:7 T:5977  Burdened

Latest messages:
 In what direction? 6
 The dagger hits the gargoyle.
 The gargoyle hits!
 The gargoyle misses!
 The gargoyle misses!
 In what direction? 6
 You throw 2 darts.
 The 1st dart hits the gargoyle.
 The 2nd dart hits the gargoyle.
 You have no ammunition readied.
 What do you want to fire? [$ or ?*] <enter>
 Never mind.
 What do you want to zap? [iLRUX or ?*] X
 In what direction? 6
 The wand misses the gargoyle.
 The gargoyle misses!
 The gargoyle misses!
 The gargoyle misses!
 The gargoyle hits!
 The gargoyle hits again!
 The gargoyle bites!
 You miss the gargoyle.
 The gargoyle hits!
 The gargoyle hits again!
 The gargoyle misses!
 You miss the gargoyle.
 The gargoyle just misses!
 The gargoyle just misses!
 The gargoyle bites!
 The gargoyle misses!
 The gargoyle misses!
 The gargoyle bites!
 You hit the gargoyle.
 In what direction? 6
 You kick an uncursed runed dagger.
 The runed dagger misses the gargoyle.
 You miss the gargoyle.
 The gargoyle hits!
 The gargoyle misses!
 The gargoyle misses!
 The gargoyle hits!
 The gargoyle misses!
 The gargoyle bites!
 You miss the gargoyle.
 The gargoyle misses!
 The gargoyle hits!
 The gargoyle bites!
 You die...
 Do you want your possessions identified? [ynq] (y) y
 Do you want to see your attributes? [ynq] (y) q

Inventory:
 Coins    ('$')
  $ - 64 gold pieces
 Armor    ('[')
  M - an uncursed +4 orcish helm
  k - an uncursed +2 orcish helm
  N - an uncursed +0 orcish helm
  S - an uncursed +0 orcish helm
  r - a blessed +2 pair of iron shoes (being worn)
  D - an uncursed burnt +0 pair of low boots
  h - a blessed +4 orcish shield (being worn)
  o - a blessed +0 Hawaiian shirt with a water nymph motif (being worn)
  K - an uncursed +0 scale mail (being worn)
 Comestibles  ('%')
  e - 2 uncursed slime molds
  d - an uncursed banana
  b - 9 uncursed food rations
  Y - 2 uncursed lembas wafers
  f - 2 uncursed tripe rations
 Scrolls  ('?')
  V - 2 uncursed scrolls of confuse monster
  Q - a cursed scroll of confuse monster
  T - a blessed scroll of earth
  W - an uncursed scroll of earth
  u - a cursed scroll of enchant armor
  x - 2 uncursed scrolls of fire
  P - a cursed scroll of gold detection
  n - a blessed scroll of magic mapping
  m - 2 uncursed scrolls of magic mapping
  Z - a cursed scroll of punishment
  E - a cursed scroll of remove curse
 Rings    ('=')
  J - an uncursed ring of searching (on right hand)
  s - an uncursed ring of slow digestion (on left hand)
 Wands    ('/')
  i - a wand of create monster (0:11)
  R - a wand of digging (0:6)
  L - a wand of light (0:11)
  U - a wand of nothing (0:10)
  X - a wand of striking (0:0)
 Tools    ('(')
  q - an uncursed credit card
  I - a cursed crystal ball (0:7)
  p - an expensive camera (0:81)
  A - a +0 pick-axe
 Gems/Stones  ('*')
  B - an uncursed fluorite stone
  g - an uncursed topaz stone
  z - an uncursed worthless piece of white glass
  H - an uncursed worthless piece of yellow glass

DiePARTEI the Tourist's attributes:

Background:
 You were an Excursionist, a level 7 female human Tourist.
 You were neutral, on a mission for The Lady
 who was opposed by Blind Io (lawful) and Offler (chaotic).
 You were left-handed.
 You were in Sokoban, on level 5.
 You entered the dungeon 5977 turns ago.
 You had 820 experience points, 460 more were needed to attain level 8.

Basics:
 You had 0 out of 66 hit points.
 You had all 24 energy points (spell power).
 Your armor class was -3.
 Your wallet contained 64 zorkmids.
 Autopickup was off.

Final Characteristics:
 Your strength was 15 (limit:18/100).
 Your dexterity was 13 (limit:18).
 Your constitution was 17 (peak:18, limit:18).
 Your intelligence was 12 (limit:18).
 Your wisdom was 8 (limit:18).
 Your charisma was 14 (limit:18).

Final Status:
 You weren't hungry.
 You were burdened; movement was slightly slowed.
 You were bare handed.
 You had basic skill with bare handed combat.

Final Attributes:
 You were piously aligned.
 You were telepathic.
 You had automatic searching.
 You had slower digestion.
 You were warded.
 Your spell casting was impaired by metallic armor.
 You are dead (2nd time!).

Miscellaneous:
 You didn't encounter any bones levels.
 Total elapsed playing time was 50 minutes and 30 seconds.

Major events:
 Turn
    1: DiePARTEI the neutral female human Tourist entered the dungeon
  566: attained the rank of Sightseer (level 3)
 2584: entered the Gnomish Mines
 2819: attained the rank of Excursionist (level 6)
 4827: entered Sokoban
 5397: completed 1st Sokoban level
 5814: completed 2nd Sokoban level
 5962: averted death (killed by a gargoyle)
 5977: killed by a gargoyle

Spells:
 Name                 Level Category     Fail Retention
 detect unseen          3   divination   100%  76%-100%

Skills:
 Fighting Skills
   bare handed combat [Basic]
   two weapon combat  [Unskilled]
   riding             [Unskilled]
 Weapon Skills
   dagger             [Unskilled]
   knife              [Unskilled]
   axe                [Unskilled]
   pick-axe           [Unskilled]
   short sword        [Unskilled]
   broadsword         [Unskilled]
   long sword         [Unskilled]
   two-handed sword   [Unskilled]
   saber              [Unskilled]
   mace               [Unskilled]
   morning star       [Unskilled]
   flail              [Unskilled]
   hammer             [Unskilled]
   quarterstaff       [Unskilled]
   polearms           [Unskilled]
   spear              [Unskilled]
   trident            [Unskilled]
   lance              [Unskilled]
   bow                [Unskilled]
   sling              [Unskilled]
   crossbow           [Unskilled]
   dart               [Skilled]
   shuriken           [Unskilled]
   boomerang          [Unskilled]
   whip               [Unskilled]
   unicorn horn       [Unskilled]
 Spellcasting Skills
   divination spells  [Unskilled]
   enchantment spells [Unskilled]
   escape spells      [Unskilled]

Voluntary challenges:
 Character rerolling was not enabled.
 You never genocided any monsters.
 You never polymorphed an object.
 You never changed form.
 You used no wishes.
 You violated the special Sokoban rules once.
Achievements:
 You attained the rank of Sightseer.
 You entered a shop.
 You entered the Gnomish Mines.
 You attained the rank of Excursionist.
 You entered Sokoban.

 The Dungeons of Doom: levels 1 to 7
    Level 1:
    Level 2:
       A food shop, a fountain.
    Level 3:
    Level 4:
       A scroll shop, an altar to The Lady.
       Stairs down to The Gnomish Mines.
    Level 5:
    Level 6:
       Many fountains.
       Oracle of Delphi.
    Level 7:
       A fountain.
       Stairs up to Sokoban, level 6.
 The Gnomish Mines:
    Level 5:
 Sokoban: levels 6 up to 5
    Level 5: <- You were here.
       Solved.
       Final resting place for
          you, killed by a gargoyle.
    Level 6:
       Solved.


Vanquished creatures:
  a giant beetle
  a leprechaun
 an ice vortex
  a brown pudding
  a rope golem
  a water nymph
  8 Mordor orcs
  2 orc shamans
  a rock mole
  a pony
  2 fog clouds
  a violet fungus
  a gnome leader
  2 straw golems
  4 giant ants
  2 floating eyes
  a kitten
  2 dwarves
  a homunculus
  2 kobold leaders
  3 hill orcs
  a rabid rat
  2 giant bats
 an orc zombie
  a werejackal
  2 iguanas
  2 acid blobs
  2 coyotes
  2 hobbits
  a large kobold
  3 hobgoblins
  6 giant rats
  2 red molds
  4 gnomes
  a garter snake
  4 geckos
  3 jackals
  a kobold
  7 goblins
  7 sewer rats
  3 grid bugs
  a bat
  4 lichens
  a kobold zombie
  3 newts
103 creatures vanquished.

No species were genocided or became extinct.

Game over:
                       ----------
                      /          \
                     /    REST    \
                    /      IN      \
                   /     PEACE      \
                  /                  \
                  |    DiePARTEI     |
                  |      64 Au       |
                  |   killed by a    |
                  |     gargoyle     |
                  |                  |
                  |                  |
                  |       2026       |
                 *|     *  *  *      | *
        _________)/\\_//(\/(/\)/\//\/|_)_______

Aloha DiePARTEI the Tourist...

You died in Sokoban on dungeon level 5 with 3680 points,
and 64 pieces of gold, after 5977 moves.
You were level 7 with a maximum of 66 hit points when you died.

